 Dungeon Crawl Stone Soup version 0.31-a0-177-g4aa6249778 (webtiles) character file.

Game seed: 4360894603523832124

2 BubbleThief the Stinger (level 1, 0/15 HPs)
             Began as a Naga Venom Mage on June 19, 2023.
             Slain by a ball python (3 damage)
             ... on level 1 of the Dungeon.
             The game lasted 00:00:36 (31 turns).

BubbleThief the Stinger (Naga Venom Mage)             Turns: 31, Time: 00:00:37

Health: 0/15       AC:  1    Str: 10    XL:     1   Next: 40%
Magic:  1/3        EV:  9    Int: 15    God:
Gold:   6          SH:  0    Dex: 11    Spells: 3/4 levels left

rFire   . . .        (no weapon)
rCold   . . .        (no shield)
rNeg    . . .        a - +0 robe
rPois   +            (no helmet)
rElec   .            (no cloak)
rCorr   .            (no gloves)
SInv    +            (no barding)
Will    .....        (no amulet)
Stlth   ++           (no ring)
HPRegen 0.22/turn    (no ring)
MPRegen 0.08/turn

%: no passive effects
@: short of breath, very slow
A: AC +0, large, see invisible, deformed body, poison resistance, slowness 2,
spit poison 1, naga tail 1
a: Spit Poison


You were on level 1 of the Dungeon.
You visited 1 branch of the dungeon, and saw 1 of its levels.

You collected 6 gold pieces.

Inventory:

Armour
 a - a +0 robe (worn)
Potions
 b - a potion of magic


   Skills:
 - Level 1.5 Dodging
 - Level 3.0 Stealth
 - Level 2.0 Spellcasting
 - Level 1.0 Transmutations
 + Level 4.2 Poison Magic


You had 3 spell levels left.
You knew the following spells:

 Your Spells              Type           Power      Damage    Failure   Level
a - Sting                 Tmut/Pois      36%        1d4       8%          1

Your spell library contained the following spells:

 Spells                   Type           Power      Damage    Failure   Level
 Poisonous Vapours        Pois/Air       14%        N/A       14%         2
 Mephitic Cloud           Conj/Pois/Air  5%         N/A       36%         3
 Olgreb's Toxic Radiance  Pois           14%        N/A       36%         4


Dungeon Overview and Level Annotations

Branches:
Dungeon (1/15)

Altars:


Innate Abilities, Weirdness & Mutations

Your serpentine skin is tough. (AC +0)
You have supernaturally acute eyesight. (SInv)
Armour fits poorly on your strangely shaped body.
Your system is resistant to poisons. (rPois)
You cover ground very slowly.
You can spit poison.
You have a snake-like lower body.


Message History

The splash of poison hits the hobgoblin but does no damage.
The hobgoblin looks even sicker.
The hobgoblin is lightly wounded.
A bat comes into view.
The hobgoblin closely misses you.
A kobold comes into view. It is wielding a +0 short sword.
The bat moves out of view.
The hobgoblin attacks as you move away! The hobgoblin hits you.
Casting: Sting (safe; 8% risk of failure)
Confirm with . or Enter, or press ? or * to list all spells.
Aiming: Sting (safe; 8% risk of failure)
Press: ? - help, Shift-Dir - straight line, f/p - hobgoblin
Aim: a hobgoblin (lightly wounded, very poisoned, 68% to hit)
The sting misses the hobgoblin.
The bat barely misses you. The hobgoblin hits you.
Unknown command.
The hobgoblin attacks as you move away! The hobgoblin barely misses you.
You kill the hobgoblin!
The bat hits you but does no damage. The bat attacks as you move away!
The bat hits you.
* * * LOW HITPOINT WARNING * * *
The bat closely misses you. The ball python barely misses you.
Unknown command.
You have got your breath back.
The bat hits you.
* * * LOW HITPOINT WARNING * * *
Unknown command.
Unknown command.
Aiming: Spit Poison (3% risk of failure)
Press: ? - help, Shift-Dir - straight line, f - bat
Aim: a bat (35% to hit)
The splash of poison misses the bat.
The bat hits you but does no damage. The ball python bites you.
* * * LOW HITPOINT WARNING * * *
The ball python bites you but does no damage.
Unknown command. 2 dart slugs come into view.
Unknown command.
The bat hits you but does no damage. The ball python bites you.
You die...

.≈≈..8.<[...≈≈...........
.≈..♣.....8..≈.# .....
.≈...........≈†# .w....
.≈≈.♣.......≈≈.# ......
..≈≈..8....≈≈..## #.w..
..[≈≈♣....≈≈....##...
##..≈≈≈.≈≈≈...#b.#.#
#...........###S..#####
#..............@........
#...........#...#########
##............###
###..........#
#...#..##### ###...##
###.# .#


You could see 2 dart slugs, a bat and a ball python.

Vanquished Creatures
  A ball python (D:1)
  A hobgoblin (D:1)
2 creatures vanquished.

Notes
Turn   | Place    | Note
-------+----------+-------------------------------------------
     0 | D:1      | BubbleThief the Naga Venom Mage began the quest for the
                  | Orb.
     0 | D:1      | Reached XP level 1. HP: 15/15 MP: 3/3
    31 | D:1      | Slain by a ball python

Illustrated notes

Levels and vault maps discovered:
D:1:      moated_graveyard_arrival, layout_rooms, chequers_mini_garden

Action                     || total
---------------------------++-------
   Cast: Sting             ||     3
Ability: Spit Poison       ||     3
 Armour: Robe              ||     4
  Dodge: Dodged            ||     5

Table legend: (Time is in decaauts)
 A = Elapsed time spent in this place.
 B = Non-inter-level travel time spent in this place.
 C = Inter-level travel time spent in this place.
 D = Time resting spent in this place.
 E = Time spent auto-exploring this place.
 F = Levels seen in this place.
 G = Mean time per level.
                   A        B        C        D        E       F      G
               +--------+--------+--------+--------+--------+-----+--------+
         Total |     40 |     40 |      0 |      0 |     22 |   1 |   40.0 |
       Dungeon |     40 |     40 |      0 |      0 |     22 |   1 |   40.0 |
               +--------+--------+--------+--------+--------+-----+--------+

Top non-repeatable levels by time:
     D:1: 40 daAuts
